 Dungeon Crawl Stone Soup version 0.29-a0-393-g47a863cc1b (webtiles) character file.

Game seed: 331561289146216426

581 Querens the Magician (level 7, 0/36 HPs)
             Began as a Deep Elf Conjurer on May 10, 2022.
             Was a Follower of Vehumet.
             Engulfed by a steam dragon's steam (8 damage)
             ... on level 4 of the Dungeon.
             The game lasted 00:13:34 (2130 turns).

Querens the Magician (Deep Elf Conjurer)            Turns: 2130, Time: 00:13:35

Health: 0/36       AC:  2    Str:  4    XL:     7   Next: 13%
Magic:  9/19       EV: 12    Int: 31    God:    Vehumet [*.....]
Gold:   153        SH:  0    Dex: 13    Spells: 8/19 levels left

rFire   . . .      SeeInvis .   (no weapon)
rCold   . . .      Faith    .   (no shield)
rNeg    . . .      Spirit   .   a - +0 robe
rPois   +          Reflect  .   (no helmet)
rElec   .          Harm     .   (no cloak)
rCorr   .          Rampage  .   (no gloves)
Will    .....                   (no boots)
Stlth   ++........              (no amulet)
HPRegen 0.12/turn               f - ring of poison resistance
MPRegen 0.16/turn               g - +6 ring of intelligence

@: no status effects
A: no striking features
a: Renounce Religion


You were on level 4 of the Dungeon.
You worshipped Vehumet.
Vehumet was aware of your devotion.
You visited 1 branch of the dungeon, and saw 4 of its levels.

You collected 153 gold pieces.

Inventory:

Missiles
 s - a throwing net
Armour
 a - a +0 robe (worn)
Jewellery
 f - a ring of poison resistance (left hand)
 g - a +6 ring of intelligence (right hand)
Scrolls
 d - 3 scrolls of identify {unknown}
 h - 4 scrolls of teleportation
 k - 2 scrolls of fog {unknown}
 l - a scroll of amnesia {unknown}
 m - a scroll of enchant weapon {unknown}
 r - 2 scrolls of poison {unknown}
Potions
 b - a potion of magic
 c - 3 potions of flight
 e - a potion of curing
 i - 2 potions of brilliance {unknown}
 j - 3 potions of heal wounds {unknown}
 n - a potion of attraction {unknown}
 o - a potion of haste {unknown}
 p - a potion of berserk rage {unknown}
 q - a potion of mutation {unknown}


   Skills:
 - Level 2.4 Dodging
 - Level 2.4 Stealth
 + Level 6.9 Spellcasting
 + Level 6.8 Conjurations
 + Level 3.6 Translocations


You had 8 spell levels left.
You knew the following spells:

 Your Spells              Type           Power      Damage    Failure   Level
a - Magic Dart            Conj           100%       1d8       1%          1
b - Searing Ray           Conj           100%       2d8       1%          2
c - Iskenderun's Mystic   Conj/Tloc      43%        2d10      5%          4
d - Fulminant Prism       Conj/Hex       16%        3d11      11%         4

Your spell library contained the following spells:

 Spells                   Type           Power      Damage    Failure   Level
 Freeze                   Ice            40%        1d6       4%          1
 Shock                    Conj/Air       100%       1d9       1%          1
 Dazzling Flash           Conj/Hex       64%        N/A       3%          3
 Ensorcelled Hibernation  Hex/Ice        20%        N/A       7%          2
 Spider Form              Tmut/Pois      10%        N/A       14%         3
 Swiftness                Air            10%        N/A       14%         3
 Airstrike                Air            5%         N/A       41%         4
 Anguish                  Hex/Necr       5%         N/A       41%         4


Dungeon Overview and Level Annotations

Branches:
Dungeon (4/15)
 Temple: D:4-7

Altars:
Ashenzari
Ru
Vehumet

Shops:
D:4 =

Annotations:
D:3 1 runed translucent door, supermoro's ghost, amateur GrFi


Message History

Aiming: Searing Ray (safe; 1% risk of failure)
Press: ? - help, Shift-Dir - straight line, f/p - steam dragon
Aim: a steam dragon (heavily wounded, 83% to hit)
The searing ray hits the steam dragon.
The steam dragon is severely wounded. (Press . to maintain the ray.)
The steam dragon closely misses you. The steam dragon claws you.
The searing ray hits the steam dragon.
The steam dragon is almost dead.
The steam dragon closely misses you. The steam dragon claws you.
The searing ray hits the steam dragon!
You kill the steam dragon!
Vehumet accepts your kill.
You have reached level 7!
You now have 147 gold pieces (gained 4).
You now have 153 gold pieces (gained 6).
A steam dragon comes into view.
The steam dragon breathes steam at you. The ball of steam hits you!
* * * LOW HITPOINT WARNING * * *
Okay, then.
You feel better.
You are engulfed in a cloud of scalding steam.
Casting: Searing Ray (safe; 1% risk of failure)
Confirm with . or Enter, or press ? or * to list all spells.
Aiming: Searing Ray (safe; 1% risk of failure)
Press: ? - help, Shift-Dir - straight line, f - steam dragon
Aim: a steam dragon (steam, catching its breath, 83% to hit)
The searing ray hits the steam dragon.
The steam dragon is lightly wounded. (Press . to maintain the ray.)
You are engulfed in a cloud of scalding steam.
* * * LOW HITPOINT WARNING * * *
The steam dragon barely misses you. x2
Unknown command.
Okay, then.
The searing ray hits the steam dragon.
The steam dragon is moderately wounded.
You are engulfed in a cloud of scalding steam.
You die... . oo#

#...# ..: #.# # ..# . ..#
...#. . # #.###..# ..... ..
##. ..(##.# ... # ##.#..#
#..#.#
#.###.........#D#$#...#
............#..#@#..#.#######
...#........##...§.##.......#
...#.........###.###..#####.#
†).#.................## #.#
...#.......).##..##..# #.#
.....##..............# #.#
.....###.........###.######.#
...[...............#.#>.....#
....####.....(.....#.#.######


You could see a steam dragon.

Vanquished Creatures
  A steam dragon (D:4)
  A water moccasin (D:3)
  An ogre (D:4)
  2 orc wizards
  5 gnolls (D:4)
  7 adders
  A worm (D:2)
  2 dart slugs
  10 orcs
  8 ball pythons
  3 bats (D:2)
  12 endoplasms
  4 giant cockroaches
  8 goblins
  6 hobgoblins
  4 quokkas
  4 frilled lizards
  5 kobolds
  6 rats
90 creatures vanquished.

Notes
Turn   | Place    | Note
-------+----------+-------------------------------------------
     0 | D:1      | Querens the Deep Elf Conjurer began the quest for the Orb.
     0 | D:1      | Reached XP level 1. HP: 10/10 MP: 6/6
   187 | D:1      | Reached XP level 2. HP: 15/15 MP: 2/8
   248 | D:1      | Learned a level 2 spell: Searing Ray
   294 | D:1      | Found a faded altar of an unknown god.
   519 | D:2      | Reached skill level 5 in Conjurations
   519 | D:2      | Reached XP level 3. HP: 19/19 MP: 4/10
   660 | D:2      | Reached XP level 4. HP: 17/24 MP: 7/12
   817 | D:2      | Reached skill level 5 in Spellcasting
   848 | D:2      | Learned a level 4 spell: Iskenderun's Mystic Blast
   853 | D:2      | Learned a level 4 spell: Fulminant Prism
  1074 | D:3      | Noticed supermoro's ghost (amateur GrFi)
  1075 | D:3      | Found a runed translucent door.
  1166 | D:3      | Reached XP level 5. HP: 28/28 MP: 6/14
  1171 | D:3      | Reached skill level 1 in Translocations
  1214 | D:3      | Noticed a water moccasin
  1630 | D:3      | Found a sacrificial altar of Ru.
  1630 | D:3      | Found a faded altar of an unknown god.
  1637 | D:3      | Found a radiant altar of Vehumet.
  1642 | D:3      | Found a faded altar of an unknown god.
  1643 | D:3      | Found a broken altar of Ashenzari.
  1647 | D:3      | Became a worshipper of Vehumet
  1710 | D:3      | Killed a water moccasin
  1711 | D:3      | Reached XP level 6. HP: 18/32 MP: 11/17
  1844 | D:4      | Found Pireo's Jewellery Boutique.
  1958 | D:4      | Reached * piety under Vehumet
  1958 | D:4      | Offered knowledge of Freeze by Vehumet.
  2101 | D:4      | Noticed a steam dragon
  2108 | D:4      | Killed a steam dragon
  2109 | D:4      | Reached XP level 7. HP: 19/36 MP: 8/19
  2126 | D:4      | Noticed a steam dragon
  2130 | D:4      | Engulfed by a steam dragon's steam

Illustrated notes

Levels and vault maps discovered:
D:1:      lightli_arrival_noodles, layout_basic, ebering_ecumenical_altar_box
D:2:      layout_basic
D:3:      layout_basic, chequers_temple_overflow_minitemple,
          hellmonk_ghost_happy_afterlife, minmay_fractal_squares_gapless_5
D:4:      layout_basic, serial_shops, shop_fountains,
          chequers_serial_rivers_room_b, minmay_box_of_dots

Skill      XL: |  1  2  3  4  5  6 |
---------------+-------------------+-----
Spellcasting   | 4 5 6 |  6.9
Conjurations   | 5 6 |  6.8
Translocations | 2 3 |  3.6
Dodging        | |  2.4
Stealth        | |  2.4

Action                   |  1- 3 |  4- 6 |  7- 9 || total
-------------------------+-------+-------+-------++-------
Melee: Unarmed           |       |     1 |       ||     1
 Cast: Magic Dart        |    36 |    51 |       ||    87
       Searing Ray       |     4 |    26 |     1 ||    31
  Use: Potion            |     3 |       |     1 ||     4
       Scroll            |       |     2 |       ||     2
Armor: Robe              |     5 |     2 |       ||     7
Dodge: Dodged            |    15 |    20 |     2 ||    37

Table legend: (Time is in decaauts)
 A = Elapsed time spent in this place.
 B = Non-inter-level travel time spent in this place.
 C = Inter-level travel time spent in this place.
 D = Time resting spent in this place.
 E = Time spent auto-exploring this place.
 F = Levels seen in this place.
 G = Mean time per level.
                   A        B        C        D        E       F      G
               +--------+--------+--------+--------+--------+-----+--------+
         Total |   2130 |   1860 |    270 |      0 |      0 |   4 |  532.5 |
       Dungeon |   2130 |   1860 |    270 |      0 |      0 |   4 |  532.5 |
               +--------+--------+--------+--------+--------+-----+--------+

Top non-repeatable levels by time:
     D:3: 791 daAuts
     D:2: 492 daAuts
     D:1: 479 daAuts
     D:4: 367 daAuts
